 Dungeon Crawl Stone Soup version 0.31-a0-196-g86fe4a5e66 (webtiles) character file.

Game seed: 9953945405141880251

281 Dylgear the Shield-Bearer (level 6, -8/48 HPs)
             Began as a Formicid Fighter on June 25, 2023.
             Killed by divine providence
             ... invoked by an orc priest
              (15 damage)
             ... on level 4 of the Dungeon.
             The game lasted 00:05:31 (2709 turns).

Dylgear the Shield-Bearer (Formicid Fighter)        Turns: 2709, Time: 00:05:31

Health: -8/48      AC:  9    Str: 21    XL:     6   Next: 53%
Magic:  6/6        EV:  9    Int:  7    God:
Gold:   142        SH:  5    Dex: 15    Spells: 5/5 levels left

rFire   . . .        a - +1 war axe
rCold   . . .        c - +0 buckler
rNeg    . . .        b - +0 scale mail
rPois   .            (helmet unavailable)
rElec   .            (no cloak)
rCorr   .            (no gloves)
SInv    +            j - +1 pair of boots
Will    .....        (no amulet) Stlth
                     (no ring)
HPRegen 0.28/turn    (no ring)
MPRegen 0.10/turn

%: no passive effects
@: no status effects
A: permanent stasis, dig shafts and tunnels, antennae 3, four strong arms
a: Dig, Shaft Self


You were on level 4 of the Dungeon.
You visited 1 branch of the dungeon, and saw 4 of its levels.

You collected 142 gold pieces.

Inventory:

Hand Weapons
 a - a +1 war axe (weapon)
Missiles
 i - a throwing net
Armour
 b - a +0 scale mail (worn)
 c - a +0 buckler (worn)
 j - a +1 pair of boots (worn)
Jewellery
 o - the ring "Impous" {rF+++ Int+4 Dex+6 Slay-6}
   (You found it on level 3 of the Dungeon)

   [ring of dexterity]

   Int:       It affects your intelligence (+4).
   Dex:       It affects your dexterity (+6).
   Slay:      It affects your accuracy & damage with ranged weapons and melee
   (-6).
   rF:        It renders you almost immune to fire.
 p - a ring of wizardry
Potions
 d - a potion of might
 e - 2 potions of invisibility
 g - a potion of enlightenment {unknown}
 h - a potion of curing {unknown}
 k - a potion of attraction {unknown}
 l - a potion of mutation {unknown}
 m - a potion of resistance {unknown}
 n - a potion of magic {unknown}
 q - a potion of heal wounds {unknown}


   Skills:
 + Level 4.2 Fighting
 * Level 4.5 Axes
 * Level 4.3 Armour
 + Level 0.7 Dodging
 + Level 0.2 Stealth
 * Level 5.1 Shields


You had 5 spell levels left.
You didn't know any spells.
Your spell library contained the following spells:

 Spells                   Type           Power      Damage    Failure   Level
 Dazzling Flash           Conj/Hex       0%         N/A       99%         3
 Animate Armour           Summ/Erth      0%         N/A       100%        4
 Summon Lightning Spire   Summ/Air       0%         N/A       100%        4
 Agony                    Necr           0%         N/A       100%        5
 Silence                  Hex/Air        0%         N/A       100%        5
 Spellforged Servitor     Conj/Summ      0%         N/A       100%        7


Dungeon Overview and Level Annotations

Branches:
Dungeon (4/15)
 Temple: D:4-7

Altars:

Annotations:
D:4 Grinder


Innate Abilities, Weirdness & Mutations

You cannot be hasted, slowed, berserked, paralysed or teleported.
You can dig through walls and to a lower floor.
You have a pair of large antennae on your head. (SInv)
Your four strong arms can wield two-handed weapons with a shield.


Message History

You slash the orc!
You kill the orc!
Items here: )) ††††.
Items here: )) ††††.
Okay, then.
An orc priest comes into view. It is wielding a +0 dagger.
You closely miss the orc priest.
The orc priest looks satisfied for a moment.
You closely miss the orc priest.
The orc priest hits you but does no damage.
The orc priest hits you with a +0 dagger.
You slash the orc priest!
The orc priest is heavily wounded.
The orc priest hits you but does no damage.
You closely miss the orc priest.
The orc priest is heavily wounded.
The orc priest hits you but does no damage.
You closely miss the orc priest.
The orc priest is heavily wounded.
The orc priest barely misses you.
You closely miss the orc priest.
The orc priest is heavily wounded.
The orc priest invokes the aid of Beogh against you.
Beogh smites you!
The orc priest calls down the wrath of Beogh upon you.
Pain shoots through your body!
You are too injured to fight recklessly!
You are too injured to fight recklessly!
You are too injured to fight recklessly!
You are too injured to fight recklessly!
You hit the orc priest but do no damage.
The orc priest is heavily wounded.
The orc priest invokes the aid of Beogh against you.
Beogh smites you!
* * * LOW HITPOINT WARNING * * *
You hit the orc priest.
The orc priest is almost dead.
The orc priest calls down the wrath of Beogh upon you.
Beogh smites you!
You die...

### #/. .. #)..
..###########
..#............#
####o##..........#
....#@#..........#
....##)##........#
.......#.#.......†#
#####..##.##......#####
#.#...#)#..####...<#
...#...###.## #....#
#.. +.......# #....# #.
#.......# #....# ##
#....#### ##+###


You could see an orc priest.

Vanquished Creatures
  A phantom (D:3)
  A hound (D:4)
  An orc priest (D:4)
  4 adders
  A gnoll (D:1)
  4 worms
  4 dart slugs
  An orc (D:4)
  6 ball pythons
  6 bats
  7 endoplasms
  3 giant cockroaches
  3 goblins
  5 hobgoblins
  4 jackals (D:3)
  8 quokkas
  6 frilled lizards
  12 kobolds
  5 rats
82 creatures vanquished.

Notes
Turn   | Place    | Note
-------+----------+-------------------------------------------
     0 | D:1      | Dylgear the Formicid Fighter began the quest for the Orb.
     0 | D:1      | Reached XP level 1. HP: 18/18 MP: 1/1
   124 | D:1      | Reached XP level 2. HP: 24/24 MP: 2/2
   345 | D:1      | Reached XP level 3. HP: 30/30 MP: 3/3
   983 | D:1      | Got the Precepts of Beckoning
  1225 | D:2      | Reached XP level 4. HP: 33/37 MP: 4/4
  1309 | D:2      | Found a faded altar of an unknown god.
  1793 | D:3      | Reached XP level 5. HP: 42/42 MP: 5/5
  1913 | D:3      | Identified the +5 spear "Udotibred" {spect, Stlth+}
  2065 | D:3      | Identified the ring "Impous" {rF+++ Int+4 Dex+6 Slay-6}
  2581 | D:4      | Noticed a phantom
  2590 | D:3      | Killed a phantom
  2591 | D:3      | Reached skill level 5 in Shields
  2591 | D:3      | Reached XP level 6. HP: 47/48 MP: 6/6
  2629 | D:4      | Noticed Grinder
  2709 | D:4      | Killed from afar by an orc priest

Illustrated notes

Levels and vault maps discovered:
D:1:      minmay_arrival_split_and_join, layout_loops_corners,
          hangedman_decor_growths, grunt_decor_mini_mirrors, minmay_distorted
D:2:      layout_basic, shapermc_ecumenical_altar_acropolis
D:3:      layout_loops_ring
D:4:      layout_gridville, minmay_temple_entry_ruins, roderic_serpentine_path,
          grunt_decor_fettered, kennysheep_cluttered_room, minmay_shop_damaged,
          minmay_vboxes, uniq_sigmund, uniq_grinder

Skill      XL: |  1  2  3  4  5 |
---------------+----------------+-----
Fighting       | 4 |  4.2
Axes           | 3 4 |  4.5
Armour         | 4 |  4.3
Shields        | 5 |  5.1
Dodging        | |  0.7
Stealth        | |  0.2

Action                     |  1- 3 |  4- 6 || total
---------------------------+-------+-------++-------
  Melee: War axe           |    88 |   150 ||   238
Ability: Dig               |       |     1 ||     1
    Use: Scroll            |       |     8 ||     8
 Armour: Scale mail        |    44 |    69 ||   113
  Dodge: Dodged            |    42 |    49 ||    91
  Block: Buckler           |    25 |    36 ||    61

Table legend: (Time is in decaauts)
 A = Elapsed time spent in this place.
 B = Non-inter-level travel time spent in this place.
 C = Inter-level travel time spent in this place.
 D = Time resting spent in this place.
 E = Time spent auto-exploring this place.
 F = Levels seen in this place.
 G = Mean time per level.
                   A        B        C        D        E       F      G
               +--------+--------+--------+--------+--------+-----+--------+
         Total |   2800 |   2501 |    299 |     28 |   1714 |   4 |  700.0 |
       Dungeon |   2800 |   2501 |    299 |     28 |   1714 |   4 |  700.0 |
               +--------+--------+--------+--------+--------+-----+--------+

Top non-repeatable levels by time:
     D:1: 1244 daAuts
     D:3: 801 daAuts
     D:2: 678 daAuts
     D:4: 77 daAuts
